 Dungeon Crawl Stone Soup version 0.19-a0-1111-gcceb26a (webtiles) character file.

4755 magipi the Carver (level 10, -2/96 HPs)
             Began as a Tengu Berserker on Aug 11, 2016.
             Was an Elder of Trog.
             Slain by an ogre
             ... wielding a +0 giant club
              (27 damage)
             ... on level 9 of the Dungeon.
             The game lasted 00:28:25 (8729 turns).

magipi the Carver (Tengu Berserker)                 Turns: 8729, Time: 00:28:26

Health: -2/96      AC: 13    Str: 23    XL:     10   Next: 46%
Magic:  14/14      EV: 12    Int: 10    God:    Trog [****..]
Gold:   490        SH:  0    Dex: 14    Spells: 0 memorised, 9 levels left

rFire  + . .     SeeInvis +     a - +4 scimitar (flame)
rCold  . . .     Gourm    .     K - +2 scale mail {rF+}
rNeg   . . .     Faith    .     (no shield)
rPois  .         Spirit   .     (helmet restricted)
rElec  .         Dismiss  .     A - +2 cloak
rCorr  .         Reflect  .     (no gloves)
SustAt .         Harm     .     (boots unavailable)
MR     .....                    (no amulet)
Stlth  ..........               C - ring of stealth
                                i - ring of see invisible

@: berserking, lethally poisoned (-2 -> -3), very quick
A: beak, talons 3, able to fly 1
a: Fly, Berserk, Trog's Hand, Brothers in Arms, Burn Spellbooks, Renounce
Religion


You were on level 9 of the Dungeon.
You worshipped Trog.
Trog was greatly pleased with you.
You were not hungry.

You visited 1 branch of the dungeon, and saw 9 of its levels.

You collected 490 gold pieces.

Notes
Turn   | Place    | Note
-------+----------+-------------------------------------------
     0 | D:1      | magipi the Tengu Berserker began the quest for the Orb.
     0 | D:1      | Reached XP level 1. HP: 14/14 MP: 2/2
    95 | D:1      | Reached XP level 2. HP: 16/19 MP: 3/3
   181 | D:1      | Reached skill level 4 in Long Blades
   542 | D:2      | Reached XP level 3. HP: 20/23 MP: 4/4
   701 | D:2      | Reached ** piety under Trog
   724 | D:2      | Noticed Ijyb
   739 | D:2      | Killed Ijyb
   739 | D:2      | Reached skill level 5 in Long Blades
   739 | D:2      | Reached XP level 4. HP: 26/28 MP: 5/5
  1025 | D:2      | Found a hide-covered altar of Uskayaw.
  1333 | D:3      | Found an oddly glowing altar of Pakellas.
  1643 | D:3      | Reached skill level 6 in Long Blades
  1687 | D:3      | Gained mutation: You can fly. [Tengu growth]
  1687 | D:3      | Reached XP level 5. HP: 23/32 MP: 6/6
  1724 | D:3      | Reached *** piety under Trog
  1741 | D:3      | Found a sacrificial altar of Ru.
  2013 | D:3      | Found a faded altar of an unknown god.
  2260 | D:4      | Reached skill level 7 in Long Blades
  2270 | D:4      | Reached XP level 6. HP: 31/37 MP: 7/7
  3102 | D:4      | You fall through a shaft!
  3102 | D:5      | Entered Level 5 of the Dungeon
  3125 | D:5      | Noticed a slave
  3156 | D:5      | Killed a slave
  3326 | D:5      | Noticed a slave
  3327 | D:5      | Noticed Pikel
  3328 | D:5      | Noticed a slave
  3336 | D:5      | Noticed a slave
  3364 | D:5      | Killed Pikel
  3364 | D:5      | Reached skill level 9 in Long Blades
  3364 | D:5      | Reached XP level 7. HP: 39/41 MP: 8/8
  3531 | D:4      | Reached skill level 10 in Long Blades
  3590 | D:4      | Reached XP level 8. HP: 32/46 MP: 9/9
  4261 | D:5      | Reached **** piety under Trog
  4987 | D:6      | Reached skill level 5 in Fighting
  4987 | D:6      | Reached skill level 5 in Armour
  5035 | D:6      | Found a glowing silver altar of Zin.
  5230 | D:6      | Found a staircase to the Ecumenical Temple.
  5248 | D:6      | Found a burning altar of Makhleb.
  5451 | D:7      | Reached XP level 9. HP: 54/54 MP: 10/10
  5521 | D:7      | Found an iron altar of Okawaru.
  5802 | D:7      | Found a blossoming altar of Fedhas.
  7127 | D:8      | Reached skill level 1 in Evocations
  7155 | D:8      | Reached XP level 10. HP: 31/64 MP: 10/12
  7167 | D:8      | Noticed an eight-headed hydra
  8283 | D:9      | Noticed Erica
  8305 | D:9      | Killed Erica
  8701 | D:9      | Found a shadowy altar of Dithmenos.
  8704 | D:9      | Noticed Maurice
  8729 | D:9      | Slain by an ogre

Inventory:

Hand Weapons
 a - a +4 scimitar of flaming (weapon)
 b - a +0 blowgun
 Q - a +2 scimitar of freezing
Missiles
 x - 29 poisoned needles
 B - 7 curare-tipped needles
Armour
 A - a +2 cloak (worn)
 K - a +2 scale mail of fire resistance (worn)
Jewellery
 i - a ring of see invisible (left hand)
 C - a ring of stealth (right hand)
Wands
 e - a wand of confusion (33/48)
 k - a wand of slowing (15/48)
 s - a wand of lightning (0/15)
 t - a wand of polymorph (4/24)
 G - a wand of enslavement (14/24)
 N - a wand of flame (26/48)
Scrolls
 g - a scroll of noise
 o - a scroll of enchant weapon {unknown}
 p - 4 scrolls of teleportation
 q - 2 scrolls of recharging
 r - 4 scrolls of remove curse
 v - 2 scrolls of blinking
 w - a scroll of enchant armour
 y - a scroll of fear {unknown}
 z - a scroll of fog {unknown}
 H - a scroll of random uselessness {unknown}
 L - a scroll of magic mapping
 M - a scroll of brand weapon {unknown}
Potions
 d - a potion of magic
 f - a potion of might
 j - a potion of beneficial mutation
 l - 2 potions of agility
 m - a potion of brilliance {unknown}
 n - a potion of invisibility {unknown}
 u - a potion of degeneration {unknown}
 D - 2 potions of cure mutation
 E - 2 potions of mutation
 F - 2 potions of curing
 I - 3 potions of berserk rage {unknown}
 J - a potion of flight {unknown}
 P - a potion of resistance {unknown}
Comestibles
 c - 5 bread rations
 h - 2 meat rations
 O - 4 slices of pizza


   Skills:
 - Level 8.0 Fighting
 - Level 10.3 Long Blades
 + Level 9.3 Armour
 + Level 3.6 Dodging
 + Level 4.0 Evocations


You had 9 spell levels left.
You didn't know any spells.

Dungeon Overview and Level Annotations

Branches:
Dungeon (9/15)             Temple (0/1) D:6
   Lair: D:8-11         Orc: D:9-12

Altars:
Dithmenos
Fedhas
Makhleb
Okawaru
Pakellas
Ru
Uskayaw
Zin

Annotations:
D:9 Maurice


Innate Abilities, Weirdness & Mutations

You have a beak for a mouth.
You have claws for feet.
You can fly.

Vault maps used:
D:1:      lightli_arrival_chessboard, hangedman_decor_peaks_small
D:2:      eat_drink_and_be_merry_uskayaw, uniq_iyjb
D:3:      nicolae_ru_path_of_blood, first_bread, ecumenical_altar_2,
          grunt_pakellas_basics
D:5:      uniq_pikel
D:6:      overflow_temple_1_default, basic_altar
D:7:      fedhas_altar_3, okawaru_ov_weapons_minmay, grunt_livestock
D:8:      roderic_curled_sauvastika, kennysheep_decorative_pillar
D:9:      nicolae_dithmenos_shadow_blocks, hangedman_abyss_or_decor_lesser_grid,
          kennysheep_generic_room_2, uniq_erolcha, uniq_erica, uniq_maurice


Message History

You slash the necrophage! You burn the necrophage.
You destroy the necrophage!
You see here a necrophage corpse.
Found a blackened tourmaline ring.
Found a shadowy altar of Dithmenos.
A hound comes into view.
The hound barks!
You hear a shout!
The hound barely misses you.
You barely miss the hound. The hound barely misses you.
You riposte.
You closely miss the hound. Your peck misses the hound. The hound bites you.
Maurice the Thief comes into view.
He is wielding a short sword.
Evoke which item? (* to show all) (? for menu, Esc to quit)
Zapping:
e - a wand of confusion (will waste charges)
Press: ? - help, Shift-Dir - straight line, f - Maurice
Aim: Maurice, wielding a short sword and wearing a cloak (chance to defeat MR: 53%) Maurice appears confused.
Evoking this partially-identified wand wasted a few charges.
The hound closely misses you.
You riposte.
You hit the hound. You burn the hound. You claw the hound, but do no damage.
Your peck misses the hound.
The hound is heavily wounded.
Maurice zaps a wand.
It is a wand of polymorph.
The hound bites you but does no damage.
An ogre comes into view. It is wielding a giant club.
The ogre shouts!
You hit Maurice. You burn Maurice.
Maurice is lightly wounded.
The hound barely misses you.
The ogre moves out of view. 2 killer bees come into view.
Unknown command.
The killer bee buzzes angrily. x2
The hound bites you but does no damage.
Unknown command.
Unknown command.
The hound closely misses you.
You riposte.
You slash the hound! You burn the hound.
You kill the hound!
Trog accepts your kill.
Your Evocations skill increases to level 4!
Maurice closely misses the killer bee.
Maurice hits the ogre with a short sword.
Maurice zaps a wand.
The killer bee barely misses you.
You riposte.
You miss the killer bee. You claw the killer bee.
The killer bee is lightly wounded.
You see here a necrophage corpse.
Maurice zaps a wand.
The killer bee misses you.
There is an open door, spattered with blood here.
The killer bee stings you.
You are poisoned.
The killer bee poisons you!
You feel sick. The killer bee stings you.
You feel sick. The killer bee barely misses you.
You slash the killer bee! You burn the killer bee.
Your kick misses the killer bee.
The killer bee is severely wounded.
The killer bee stings you but does no damage. x2
You slice the killer bee!! You burn the killer bee.
You kill the killer bee!
Trog accepts your kill.
You feel sick. The killer bee stings you.
Evoke which item? (* to show all) (? for menu, Esc to quit)
Zapping:
G - a wand of enslavement (17/24)
Press: ? - help, Shift-Dir - straight line, f - killer bee
Aim: a killer bee (chance to defeat MR: 63%)
The killer bee resists with significant effort.
This wand has 16 charges left.
The killer bee stings you but does no damage.
The killer bee stings you.
Unknown command.
Evoke which item? (* to show all) (? for menu, Esc to quit)
Zapping:
G - a wand of enslavement (16/24)
Press: ? - help, Shift-Dir - straight line, f/p - killer bee
Aim: a killer bee (chance to defeat MR: 63%)
The killer bee resists with significant effort.
This wand has 15 charges left.
You feel sick. The killer bee barely misses you.
You riposte.
You closely miss the killer bee.
You claw the killer bee, but do no damage.
Your peck misses the killer bee.
The killer bee stings you but does no damage.
Unknown command.
Evoke which item? (* to show all) (? for menu, Esc to quit)
Zapping:
G - a wand of enslavement (15/24)
Press: ? - help, Shift-Dir - straight line, f/p - killer bee
Aim: a killer bee (chance to defeat MR: 63%)
The killer bee is charmed.
This wand has 14 charges left.
The ogre hits your killer bee with a giant club!!
Your killer bee dies!
Unknown command.
Unknown command.
You feel sick.
You slash the ogre! You burn the ogre. You peck the ogre.
The ogre is almost dead.
The ogre hits you with a giant club!!
* * * LOW HITPOINT WARNING * * *
You feel sick.
You feel sick.
A red film seems to cover your vision as you go berserk!
You feel yourself moving faster!
You feel mighty!
You feel somewhat more hungry. The ogre hits you with a giant club!!
You die...

**,.### #....).....#
***** .,,,..#
#..........### *,,,,
.,**..##
#............#***,,,,
.#*##..#
#..........#...,*,,,,
..##...#
#......)...#***,+,,,,
@......# #..........#
***,,,, *#.....#
#......[...# *,,,,
*##†...######..........#
*,,,,
,*#...†'..†....O@......#
*,,,,
.......######.....>....#
*,,,, .......#
#..........# *****
##.##### ############
...*** ******* ...,,*
*,,,,,, ...,,* *****,*
...,,* *,,,,,* ,,,,,*
*******,*****


You could see an ogre.

Vanquished Creatures
  Erica (D:9)
  Pikel (D:5)
  A human (D:7)
  A yak (D:7)
  A hippogriff (D:7)
  A water moccasin (D:9)
  2 ice beasts
  3 orc warriors
  A slave (D:5)
  A sky beast (D:5)
  A black bear (D:7)
  2 necrophages
  3 ogres
  A centaur (D:8)
  3 giant frogs
  4 scorpions
  A killer bee (D:9)
  11 wights
  A howler monkey (D:8)
  3 jellies
  5 orc priests
  2 hounds
  2 orc wizards
  4 giant frog skeletons
  An iguana (D:7)
  Ijyb (D:2)
  8 worker ants
  3 sheep (D:7)
  2 hound skeletons
  5 gnolls
  8 adders
  2 shadow imps
  2 oozes
  An adder skeleton (D:5)
  2 worms (D:2)
  3 dart slugs
  4 giant geckos
  20 orcs
  A ball python (D:1)
  7 bats
  6 giant cockroaches
  7 goblins
  6 hobgoblins
  9 jackals
  12 kobolds
  5 quokkas
  A giant gecko zombie (D:5)
  4 giant newts
  2 quokka zombies
  4 rats
182 creatures vanquished.

Vanquished Creatures (others)
  A killer bee (D:9)
  2 centaur skeletons (D:5)
  2 orc wizards
  2 giant geckos (D:5)
  3 orcs (D:5)
  A giant newt (D:5)
  A quokka zombie (D:5)
12 creatures vanquished.

Grand Total: 194 creatures vanquished

Action                   |  1- 3 |  4- 6 |  7- 9 | 10-12 || total
-------------------------+-------+-------+-------+-------++-------
Melee: Falchion          |    71 |   243 |   375 |    89 ||   778
       Kick              |    18 |    64 |   131 |    59 ||   272
       Peck              |    11 |    41 |    92 |    26 ||   170
       Scimitar          |       |       |       |    71 ||    71
Invok: Berserk           |     1 |     4 |    12 |     4 ||    21
Evoke: Wand              |       |       |       |     5 ||     5
  Use: Scroll            |       |       |    11 |     2 ||    13
       Potion            |       |       |     3 |       ||     3
  Eat: Chunk             |       |    10 |     8 |     2 ||    20
       Beef jerky        |       |     1 |     2 |     1 ||     4
       Royal jelly       |       |       |     2 |       ||     2
       Fruit             |       |       |     3 |       ||     3
       Bread ration      |       |       |     2 |       ||     2
       Pizza             |       |       |       |     3 ||     3
Armor: Chain mail        |    30 |   116 |   134 |       ||   280
       Scale mail        |       |       |     8 |    51 ||    59
Dodge: Dodged            |    23 |    60 |    97 |    57 ||   237

Action                   |  1- 3 |  4- 6 |  7- 9 | 10-12 || total
-------------------------+-------+-------+-------+-------++-------
Melee: Falchion          |    71 |   243 |   375 |    89 ||   778
       Kick              |    18 |    64 |   131 |    59 ||   272
       Peck              |    11 |    41 |    92 |    26 ||   170
       Scimitar          |       |       |       |    71 ||    71
Invok: Berserk           |     1 |     4 |    12 |     4 ||    21
Evoke: Wand              |       |       |       |     5 ||     5
  Use: Scroll            |       |       |    11 |     2 ||    13
       Potion            |       |       |     3 |       ||     3
  Eat: Chunk             |       |    10 |     8 |     2 ||    20
       Beef jerky        |       |     1 |     2 |     1 ||     4
       Royal jelly       |       |       |     2 |       ||     2
       Fruit             |       |       |     3 |       ||     3
       Bread ration      |       |       |     2 |       ||     2
       Pizza             |       |       |       |     3 ||     3
Armor: Chain mail        |    30 |   116 |   134 |       ||   280
       Scale mail        |       |       |     8 |    51 ||    59
Dodge: Dodged            |    23 |    60 |    97 |    57 ||   237
